 Seeded DCSS version 0.30-a0-711-gf4ac18a38d (webtiles) character file.

Game seed: 1084859425385060922 (custom seed)

23492 voltaire321 the Basher (level 12, -5/110 HPs)
             Began as a Minotaur Gladiator on Jan 23, 2023.
             Was an Elder of Wu Jian.
             Slain by a komodo dragon (22 damage)
             ... on level 2 of the Lair of Beasts.
             The game lasted 00:32:28 (13629 turns).

voltaire321 the Basher (Minotaur Gladiator)        Turns: 13629, Time: 00:32:28

Health: -5/110     AC: 18    Str: 23    XL:     12   Next: 72%
Magic:  11/11      EV: 14    Int:  7    God:    Wu Jian [****..]
Gold:   553        SH:  0    Dex: 11    Spells: 11/11 levels left

rFire   + . .      SeeInvis +    N - +6 dire flail (freeze)
rCold   . . .      Faith    .    (shield currently unavailable)
rNeg    + . .      Spirit   .    x - +3 scale mail {rN+}
rPois   .          Reflect  .    X - +2 hat {Stlth+}
rElec   .          Harm     .    p - +0 cloak
rCorr   .          Rampage  .    G - +0 pair of gloves
Will    .....                    i - +0 pair of boots
Stlth   +                        (no amulet)
HPRegen 0.38/turn                y - ring of see invisible
MPRegen 0.12/turn                r - ring of protection from fire

@: very slow
A: horns 2, retaliatory headbutt
a: Renounce Religion, Wall Jump, Serpent's Lash


You were on level 2 of the Lair of Beasts.
You worshipped Wu Jian.
Wu Jian was greatly pleased with you.
You visited 3 branches of the dungeon, and saw 14 of its levels.

You collected 579 gold pieces.
You spent 26 gold pieces at shops.

Inventory:

Hand Weapons
 A - a +2 whip of electrocution
 N - a +6 dire flail of freezing (weapon)
Missiles
 a - 3 boomerangs
 d - 4 throwing nets
 e - 17 javelins
 u - 35 poisoned darts (quivered)
 R - 2 curare-tipped darts
Armour
 i - a +0 pair of boots (worn)
 p - a +0 cloak (worn)
 x - a +3 scale mail of positive energy (worn)
 G - a +0 pair of gloves (worn)
 X - a +2 hat of stealth (worn)
 Y - the +1 ring mail of Xuagaaf {rElec rC++}
   (You found it on level 2 of the Lair of Beasts)

   rC:        It greatly protects you from cold.
   rElec:     It insulates you from electricity.
Jewellery
 b - an amulet of magic regeneration
 q - a ring of resist corrosion
 r - a ring of protection from fire (right hand)
 y - a ring of see invisible (left hand)
 C - a ring of positive energy
 Q - a +6 ring of dexterity
Wands
 g - a wand of iceblast (4)
 w - a wand of mindburst (16)
 J - a wand of acid (6)
 O - a wand of digging (2)
 P - a wand of paralysis (19)
Scrolls
 f - 2 scrolls of poison
 h - 2 scrolls of enchant armour
 j - 4 scrolls of blinking
 l - 3 scrolls of vulnerability
 m - 3 scrolls of magic mapping
 F - a scroll of teleportation
 K - 2 scrolls of fear
 T - 2 scrolls of identify
 U - a scroll of summoning
 V - a scroll of amnesia
 W - a scroll of fog {unknown}
Potions
 c - a potion of brilliance {unknown}
 k - 2 potions of resistance
 n - 3 potions of ambrosia
 o - 3 potions of heal wounds
 s - a potion of degeneration {unknown}
 t - a potion of haste
 v - 3 potions of curing
 z - 4 potions of cancellation
 B - 3 potions of might
 D - a potion of berserk rage
 E - a potion of invisibility
 H - 6 potions of flight
 I - 2 potions of mutation
Miscellaneous
 L - a tin of tremorstones (2/2)
 S - a box of beasts


   Skills:
 + Level 11.2 Fighting
 + Level 11.6 Maces & Flails
 + Level 9.0 Throwing
 + Level 10.8 Armour
 + Level 10.6 Dodging
 + Level 7.3 Evocations


You had 11 spell levels left.
You didn't know any spells.
Your spell library contained the following spells:

 Spells                   Type           Power      Damage    Failure   Level
 Sandblast                Erth           0%         2d4       69%         1
 Ensorcelled Hibernation  Hex/Ice        0%         N/A       83%         2
 Passwall                 Tmut/Erth      0%         N/A       83%         2
 Call Canine Familiar     Summ           0%         N/A       96%         3
 Portal Projectile        Hex/Tloc       0%         N/A       96%         3
 Stone Arrow              Conj/Erth      0%         3d7       96%         3
 Swiftness                Air            0%         N/A       96%         3
 Leda's Liquefaction      Hex/Erth       0%         N/A       100%        4
 Summon Lightning Spire   Summ/Air       0%         N/A       100%        4
 Iskenderun's Battlesphe  Conj           0%         2d6       100%        5
 Iron Shot                Conj/Erth      0%         9d1       100%        6
 Malign Gateway           Summ/Tloc      0%         N/A       100%        7
 Spellforged Servitor     Conj/Summ      0%         N/A       100%        7
 Storm Form               Tmut/Air       0%         N/A       100%        7
 Maxwell's Capacitive Co  Air            0%         ∞         100%        8
 Summon Horrible Things   Summ           0%         N/A       100%        8


Dungeon Overview and Level Annotations

Branches:
Dungeon (11/15)            Temple (1/1) D:6            Lair (2/5) D:11
 Spider (0/4) Lair:2          Orc (0/2) D:11
  Swamp: Lair:2-3    Shoals: Lair:2-3

Altars:
Ashenzari
Cheibriados
Dithmenos
Elyvilon
Fedhas
Gozag
Hepliaklqana
Kikubaaqudgha
Makhleb
Nemelex Xobeh
Okawaru
Qazlal
Ru
Sif Muna
Trog
Uskayaw
Vehumet
Wu Jian
Xom
Yredelemnul
Zin
The Shining One
Lugonu

Shops:
D:3 (*(?(   D:11 *

Portals:
Abyss: D:9

Annotations:
Lair:1 exclusion: oklob plant
Lair:2 3 runed translucent doors, Farfigtubin's ghost, journeyman KoEn


Innate Abilities, Weirdness & Mutations

You have a pair of horns on your head.
You reflexively headbutt those who attack you in melee.


Message History

You headbutt the swamp worm. You puncture the six-headed hydra!
You freeze the six-headed hydra.
The six-headed hydra is severely wounded.
The komodo dragon misses you. You furiously retaliate!
You headbutt the komodo dragon!
The six-headed hydra bites you but does no damage.
The six-headed hydra closely misses you.
The six-headed hydra bites you!
The six-headed hydra completely misses you.
The six-headed hydra bites you but does no damage. x2
You bludgeon the six-headed hydra!!
The six-headed hydra seems to slow down.
You freeze the six-headed hydra!
You kill the six-headed hydra!
The Council accepts your kill. The swamp worm bites you!
* * * LOW HITPOINT WARNING * * *
Your Throwing skill increases to level 9!
Your unstable footing causes you to fumble your attack.
The swamp worm closely misses you.
The komodo dragon bites you but does no damage.
You sock the swamp worm! You freeze the swamp worm.
You kill the swamp worm!
The Council accepts your kill. The komodo dragon misses you.
Your unstable footing causes you to fumble your attack.
The komodo dragon barely misses you. You furiously retaliate!
You headbutt the komodo dragon. You barely miss the komodo dragon.
The komodo dragon is heavily wounded.
Your unstable footing causes you to fumble your attack.
The komodo dragon bites you!
* * * LOW HITPOINT WARNING * * *
You hit the komodo dragon.
The komodo dragon seems to slow down.
You freeze the komodo dragon.
The komodo dragon is heavily wounded.
Your unstable footing causes you to fumble your attack.
The komodo dragon is no longer moving slowly.
The komodo dragon bites you!!
You die...

..P#.........#...#
......#...##.#...#
.................#
...............#♣#
...#...........♣♣♣
P.............#♣.♣♣ ♣
..##........#....~♣.♣♣
♣#
..##P........#...†~.)♣♣
♣. ......##...P.
.♣@l≈...♣ ♣.
...#...P.#### .♣~~~≈..♣
♣# ...[......#
#♣~≈≈~♣§♣ ♣.
<........## ♣~≈≈≈♣ #P
..PP....###### ♣≈≈~≈♣
♣♣♣. #..#.........#
♣≈≈≈♣♣ ♣♣...
..P#......[.## ♣♣♣♣♣
#.... ..##........#♣
♣♣♣#.#..
...............
#♣..†.##.


You could see a komodo dragon.

Vanquished Creatures
  Gastronok (Lair:2)
  A hydra (Lair:2)
  2 two-headed ogres
  Urug (Lair:2)
  5 skeletal warriors (D:11)
  An ugly thing (D:7)
  2 manticores (D:11)
  Joseph (Lair:1)
  2 unseen horrors
  3 cane toads
  A gargoyle (D:11)
  3 rime drakes (Lair:1)
  3 komodo dragons (Lair:2)
  6 trolls
  4 blink frogs (Lair:2)
  A slime creature (D:7)
  A jumping spider (Lair:2)
  A vampire (D:9)
  15 yaks
  A shadow (D:10)
  3 wraiths
  A basilisk (Lair:2)
  A wyvern (Lair:2)
  Eustachio (D:6)
  4 steam dragons
  A redback (Lair:2)
  A swamp worm (Lair:2)
  3 vampire mosquitoes
  An acid dragon (D:10)
  2 water moccasins
  4 black bears
  An ice beast (D:8)
  4 orc warriors
  A sky beast (D:7)
  2 ogres (D:11)
  5 centaurs
  A phantom (D:4)
  3 bullfrogs
  8 kobold brigands
  2 gnoll sergeants
  A scorpion (D:7)
  2 necrophages
  11 wights (D:7)
  20 killer bees
  10 howler monkeys
  2 hounds
  4 jellies
  A gnoll bouda (D:5)
  8 orc priests
  3 iguanas
  Ijyb (D:4)
  12 orc wizards
  14 gnolls
  4 adders
  A shadow imp (D:7)
  A white imp (D:6)
  4 dart slugs
  35 orcs
  5 ball pythons
  3 endoplasms
  2 giant cockroaches
  7 hobgoblins
  2 jackals (D:5)
  30 kobolds
  2 quokkas
  3 bats
  2 frilled lizards
  6 goblins
  9 rats
  A lurking horror (D:9)
310 creatures vanquished.

Vanquished Creatures (others)
  A steam dragon (D:7)
  An orc (D:7)
  6 fungi (Lair:2)
  8 plants
16 creatures vanquished.

Grand Total: 326 creatures vanquished

Notes
Turn   | Place    | Note
-------+----------+-------------------------------------------
     0 | D:1      | voltaire321 the Minotaur Gladiator began the quest for the
                  | Orb.
     0 | D:1      | Reached XP level 1. HP: 18/18 MP: 0/0
   103 | D:1      | Reached XP level 2. HP: 14/25 MP: 1/1
   551 | D:1      | Reached skill level 1 in Armour
   832 | D:2      | Reached XP level 3. HP: 30/30 MP: 2/2
  1048 | D:2      | Found a faded altar of an unknown god.
  1346 | D:3      | Found Fibbococ's Magic Scroll Shop.
  1350 | D:3      | Bought a scroll of identify for 26 gold pieces
  1405 | D:3      | Found Beycrown's Antique Weapon Shop.
  1557 | D:3      | Found Jeliok's General Store.
  1640 | D:3      | Reached XP level 4. HP: 23/38 MP: 3/3
  1822 | D:3      | Found Fitsol's Antique Weapon Boutique.
  1899 | D:3      | Reached XP level 5. HP: 45/45 MP: 4/4
  2071 | D:3      | Found Hoenwah's Weapon Shoppe.
  2244 | D:4      | Noticed a phantom
  2247 | D:4      | Noticed Ijyb
  2257 | D:4      | Killed a phantom
  2267 | D:4      | Killed Ijyb
  2404 | D:4      | Reached XP level 6. HP: 49/52 MP: 5/5
  2448 | D:4      | Reached skill level 5 in Maces & Flails
  2836 | D:4      | Reached XP level 7. HP: 30/60 MP: 6/6
  3103 | D:5      | Entered Level 5 of the Dungeon
  3200 | D:5      | Reached skill level 5 in Dodging
  3752 | D:5      | Reached skill level 5 in Fighting
  3774 | D:5      | Found a bloodstained altar of Trog.
  4206 | D:6      | Reached XP level 8. HP: 63/69 MP: 7/7
  4284 | D:6      | Reached skill level 5 in Armour
  4313 | D:6      | Found a staircase to the Ecumenical Temple.
  4333 | Temple   | Entered the Ecumenical Temple
  4605 | D:6      | Noticed Eustachio
  4626 | D:6      | Killed Eustachio
  4627 | D:6      | Reached skill level 1 in Evocations
  4749 | D:6      | Found an iron altar of Okawaru.
  4751 | D:6      | Found a snail-covered altar of Cheibriados.
  4751 | D:6      | Found an ornate altar of the Wu Jian Council.
  4751 | D:6      | Found a burning altar of Makhleb.
  4766 | D:6      | Became a worshipper of the Wu Jian Council
  4879 | D:6      | Reached skill level 5 in Throwing
  5315 | D:7      | Noticed a brown ugly thing
  5315 | D:7      | Noticed a slime creature
  5466 | D:7      | Reached XP level 9. HP: 60/78 MP: 8/8
  6021 | D:7      | Killed a brown ugly thing
  6321 | D:7      | Reached * piety under Wu Jian
  6526 | D:7      | Reached XP level 10. HP: 59/88 MP: 9/9
  7933 | D:9      | Found a one-way gate to the infinite horrors of the Abyss.
  7934 | D:9      | Found a corrupted altar of Lugonu.
  8078 | D:9      | Reached ** piety under Wu Jian
  8870 | D:10     | Entered Level 10 of the Dungeon
  9114 | D:10     | Reached skill level 5 in Evocations
  9403 | D:10     | Reached XP level 11. HP: 95/97 MP: 10/10
  9541 | D:10     | Noticed a two-headed ogre
  9554 | D:10     | Killed a two-headed ogre
  9916 | D:11     | Found Nohetafo's Neck Hole.
 10212 | D:11     | Noticed a skeletal warrior
 10212 | D:11     | Noticed a skeletal warrior
 10212 | D:11     | Noticed a skeletal warrior
 10212 | D:11     | Noticed a skeletal warrior
 10212 | D:11     | Noticed a skeletal warrior
 10227 | D:11     | Killed a skeletal warrior
 10228 | D:11     | Reached skill level 10 in Maces & Flails
 10238 | D:11     | Killed a skeletal warrior
 10238 | D:11     | Reached *** piety under Wu Jian
 10245 | D:11     | Killed a skeletal warrior
 10248 | D:11     | Killed a skeletal warrior
 10255 | D:11     | Killed a skeletal warrior
 10416 | D:11     | Found a staircase to the Lair.
 10420 | D:11     | Reached skill level 10 in Fighting
 10683 | D:11     | Found a staircase to the Orcish Mines.
 10878 | D:11     | Noticed a two-headed ogre
 10887 | D:11     | Killed a two-headed ogre
 10888 | D:11     | Reached XP level 12. HP: 28/107 MP: 11/11
 11352 | Lair:1   | Entered Level 1 of the Lair of Beasts
 11391 | Lair:1   | Reached skill level 10 in Armour
 11421 | Lair:1   | Noticed Joseph
 11428 | Lair:1   | Killed Joseph
 11535 | Lair:1   | Identified the +4 rapier of the Spider Nest {drain, Contam
                  | rPois rC++ rCorr}
 11999 | Lair:1   | Reached skill level 10 in Dodging
 12537 | Lair:2   | Noticed Urug
 12544 | Lair:2   | Noticed Farfigtubin's ghost (journeyman KoEn)
 12563 | Lair:1   | Reached **** piety under Wu Jian
 12869 | Lair:2   | Noticed a four-headed hydra
 12877 | Lair:2   | Found a runed translucent gate.
 12877 | Lair:2   | Found a runed translucent gate.
 12877 | Lair:2   | Found a runed translucent gate.
 12885 | Lair:2   | Killed Urug
 12952 | Lair:2   | Noticed Gastronok
 12972 | Lair:2   | Killed Gastronok
 13160 | Lair:2   | Found a hole to the Spider Nest.
 13293 | Lair:2   | Identified the +1 ring mail of Xuagaaf {rElec rC++}
 13615 | Lair:2   | Noticed a six-headed hydra
 13622 | Lair:2   | Killed a six-headed hydra
 13629 | Lair:2   | Slain by a komodo dragon

Illustrated notes

Levels and vault maps discovered:
D:1:      pf_arrival_petrified_forest, layout_basic
D:2:      layout_basic, shapermc_ecumenical_altar_flowoftime, fountainhead
D:3:      layout_loops_ring, serial_shops, shop, nicolae_shop_hallway_stairs,
          shop, nicolae_shop_bloodbath_and_beyond, shop_fountains,
          kennysheep_nondescript
D:4:      layout_loops_ring, lexackson_kobold_supper, uniq_ijyb
D:5:      layout_gridville, trog_three_pillars_becter, serial_bayou_pond_e,
          serial_bayou_pond_d
D:6:      layout_basic, grunt_temple_overflow_open,
          minmay_temple_entry_stoned_glass, uniq_eustachio
D:7:      cheibrodos_fzero, layout_gridville, chequers_serial_rivers_small_b
D:8:      layout_cave_pools
D:9:      layout_small_grid, nrook_campfire, amcnicky_altar_lugonu_corruption
D:10:     layout_roguey
D:11:     layout_roguey, lair_entry_dummy,
          kennysheep_orc_monster_closet_entryway, serial_curves, eino_curves_02,
          eino_curves_04, eino_curves_01, nicolae_shop_sticking_my_neck_out
Temple:   nicolae_temple_bog_church
Lair:1:   layout_regular_city, chequers_serial_rivers_large_b, uniq_joseph
Lair:2:   layout_misc_corridors, palyth_hydra_swamp_entry, spider_nest_entry_a,
          gammafunk_ghost_split, beast_lair_carwin_4, uniq_gastronok, uniq_urug

Skill      XL: |  1  2  3  4  5  6  7  8  9 10 11 12 |
---------------+-------------------------------------+-----
Armour         | 1 2 3 4 5 7 8 9 10 | 10.8
Maces & Flails | 4 5 6 7 8 9 10 11 | 11.6
Fighting       | 3 4 5 6 7 9 10 11 | 11.2
Dodging        | 4 5 6 7 8 9 10 | 10.6
Throwing       | 3 4 5 6 8 9 |  9.0
Evocations     | 2 3 5 6 7 |  7.3

Action                     |  1- 3 |  4- 6 |  7- 9 | 10-12 || total
---------------------------+-------+-------+-------+-------++-------
  Melee: Flail             |    71 |   105 |     2 |       ||   178
         Headbutt          |     5 |    22 |    59 |    95 ||   181
         Punch             |     1 |     1 |     1 |       ||     3
         Whip              |       |       |   321 |    22 ||   343
         Dire flail        |       |       |       |   440 ||   440
  Throw: Dart              |       |       |     7 |     5 ||    12
Ability: Lunge             |       |       |    14 |    35 ||    49
         Whirlwind         |       |       |     4 |    77 ||    81
  Evoke: Wand              |       |       |       |     2 ||     2
    Use: Scroll            |       |       |     8 |    18 ||    26
         Potion            |       |       |       |     3 ||     3
   Stab: Sleeping          |     1 |       |       |       ||     1
         Confused          |       |       |     1 |       ||     1
 Armour: Leather armour    |    17 |       |       |       ||    17
         Scale mail        |       |    31 |   159 |   157 ||   347
  Dodge: Dodged            |    54 |    56 |   202 |   234 ||   546

Table legend: (Time is in decaauts)
 A = Elapsed time spent in this place.
 B = Non-inter-level travel time spent in this place.
 C = Inter-level travel time spent in this place.
 D = Time resting spent in this place.
 E = Time spent auto-exploring this place.
 F = Levels seen in this place.
 G = Mean time per level.
                   A        B        C        D        E       F      G
               +--------+--------+--------+--------+--------+-----+--------+
         Total |  13582 |  12893 |    689 |   1683 |   8980 |  14 |  970.1 |
       Dungeon |  11125 |  10496 |    629 |   1251 |   7385 |  11 | 1011.4 |
        Temple |    178 |    169 |      9 |      0 |    148 |   1 |  178.0 |
          Lair |   2278 |   2227 |     51 |    432 |   1446 |   2 | 1139.0 |
               +--------+--------+--------+--------+--------+-----+--------+

Top non-repeatable levels by time:
    D:11: 1489 daAuts
     D:7: 1411 daAuts
     D:6: 1209 daAuts
  Lair:2: 1165 daAuts
  Lair:1: 1113 daAuts
     D:5: 1107 daAuts
     D:9: 1065 daAuts
     D:3: 952 daAuts
    D:10: 934 daAuts
     D:4: 923 daAuts
     D:1: 734 daAuts
     D:8: 673 daAuts
     D:2: 623 daAuts
  Temple: 178 daAuts
